 Dungeon Crawl Stone Soup version 0.20.0-15-g7f486f2 (webtiles) character file.

66227 Haldmier the Carver (level 15, -2/110 HPs)
             Began as a Human Warper on June 17, 2017.
             Was the Champion of Nemelex Xobeh.
             Slain by a vampire mosquito (5 damage)
             ... on level 13 of the Dungeon.
             The game lasted 03:35:12 (37317 turns).

Haldmier the Carver (Human Warper)                 Turns: 37317, Time: 03:35:13

Health: -2/110     AC: 15    Str: 22    XL:     15   Next: 61%
Magic:  22/22      EV: 14    Int: 13    God:    Nemelex Xobeh [******]
Gold:   735        SH:  9    Dex: 13    Spells: 7/24 levels left

rFire    + . .     SeeInvis +   a - +2 scimitar (pain)
rCold    + . .     Gourm    .   k - +0 buckler
rNeg     + . .     Faith    .   G - +4 scale mail {rF+}
rPois    .         Spirit   .   v - +1 helmet
rElec    .         Reflect  +   W - scarf {repulsion}
rCorr    .         Harm     .   h - +0 pair of gloves
MR       +....                  (no boots)
Stlth    ..........             M - +4 amulet of reflection
Regen    0.3/turn               z - ring "Sicul" {rN+ Str+4 SInv}
MPRegen  0.2/turn               C - ring of protection from cold

@: lethally poisoned (-2 -> -7), repel missiles
A: no striking features
a: Triple Draw, Deal Four, Stack Five, Renounce Religion


You were on level 13 of the Dungeon.
You worshipped Nemelex Xobeh.
Nemelex Xobeh was exalted by your worship.
You were not hungry.

You visited 4 branches of the dungeon, and saw 24 of its levels.

You collected 1905 gold pieces.
You spent 1170 gold pieces at shops.

Inventory:

Hand Weapons
 a - a +2 scimitar of pain (weapon)
 b - a +2 dagger of venom
 O - a +2 long sword of freezing
 P - a +1 war axe of flaming
 Q - a +1 long sword of holy wrath
Missiles
 x - 20 tomahawks (quivered)
 V - 4 throwing nets
Armour
 h - a +0 pair of gloves (worn)
 k - a +0 buckler (worn)
 v - a +1 helmet (worn)
 G - a +4 scale mail of fire resistance (worn)
 W - a scarf of repulsion (worn)
Jewellery
 z - the ring "Sicul" (left hand) {rN+ Str+4 SInv}
   (You found it on level 12 of the Dungeon)

   [ring of see invisible]

   It affects your strength (+4).
   It protects you from negative energy.
   It lets you see invisible.
 B - an uncursed ring of stealth
 C - a ring of protection from cold (right hand)
 M - a +4 amulet of reflection (around neck)
 Y - an uncursed ring of resist corrosion
Wands
 D - a wand of paralysis (5/24)
 U - a wand of acid (10/15)
Scrolls
 c - 3 scrolls of identify
 d - 2 scrolls of blinking
 j - 7 scrolls of remove curse
 l - 2 scrolls of magic mapping
 m - 4 scrolls of fear
 n - 9 scrolls of teleportation
 F - 3 scrolls of fog
Potions
 o - 2 potions of haste
 p - 4 potions of curing
 r - 3 potions of heal wounds
 s - a potion of berserk rage
 A - 2 potions of lignification
 H - 4 potions of agility
 L - a potion of cancellation
 S - 3 potions of invisibility
 T - a potion of might
Miscellaneous
 e - a legendary deck of escape
 g - a legendary deck of destruction {drawn: 1}
 t - a plain deck of summoning {drawn: 6}
 y - a legendary deck of summoning
 I - a plain deck of destruction {drawn: 8}
 N - an ornate deck of summoning
 R - an ornate deck of destruction
Comestibles
 f - 14 bread rations
 i - a royal jelly
 q - a chunk of flesh
 w - 6 meat rations


   Skills:
 + Level 7.6 Fighting
 - Level 14.0 Long Blades
 - Level 1.0 Throwing
 + Level 7.0 Armour
 + Level 8.0 Dodging
 - Level 4.0 Shields
 - Level 5.0 Spellcasting
 - Level 6.0 Charms
 + Level 7.7 Necromancy
 + Level 11.9 Translocations
 - Level 10.0 Invocations


You had 7 spell levels left.
You knew the following spells:

 Your Spells              Type           Power        Failure   Level  Hunger
a - Shroud of Golubria    Chrm/Tloc      ####......   1%          2    ##.....
b - Regeneration          Chrm/Necr      ###.......   8%          3    ###....
c - Blink                 Tloc           N/A          1%          2    ##.....
d - Teleport Other        Tloc           ####....     1%          3    ###....
e - Passage of Golubria   Tloc           N/A          3%          4    ####...
f - Gell's Gravitas       Tloc           ####......   1%          3    ###....


Dungeon Overview and Level Annotations

Branches:
Dungeon (15/15)            Temple (1/1) D:5            Lair (6/6) D:9
 Shoals (0/4) Lair:3       Spider (0/4) Lair:2        Slime (0/5) Lair:5
    Orc (2/2) D:9             Elf (0/3) Orc:2
 Vaults: D:13-14     Depths: D:15

Altars:
Ashenzari
Cheibriados
Dithmenos
Elyvilon
Fedhas
Gozag
Hepliaklqana
Kikubaaqudgha
Makhleb
Nemelex Xobeh
Okawaru
Qazlal
Ru
Sif Muna
Trog
Uskayaw
Vehumet
Xom
Yredelemnul
Zin
The Shining One
Beogh
Jiyva

Shops:
D:6 }   D:10 %:[   D:12 :   Orc:1 (   Orc:2 %*[=

Annotations:
D:6 dobroeutro's ghost, novice DsFi
Lair:5 1 runed door
Orc:1 Erica


Message History

* * * LOW HITPOINT WARNING * * *
You block the meliai's attack.
As you read the scroll of fear, it crumbles to dust.
You assume a fearsome visage.
The meliai looks frightened! x2
The hippogriff looks frightened!
You feel sick.
You feel sick.
You climb downwards. 4 vampire mosquitoes come into view.
You feel sick.
The vampire mosquito buzzes angrily. x3
The vampire mosquito bites you!
* * * LOW HITPOINT WARNING * * *
The vampire mosquito draws strength from your injuries!
The vampire mosquito bites you.
* * * LOW HITPOINT WARNING * * *
The vampire mosquito draws strength from your injuries!
The vampire mosquito bites you but does no damage.
The vampire mosquito bites you.
You die...
Your body glows with a rainbow of weird colours and disappears.

..#####
#.........#.. #
#....≈≈...... #
...≈≈≈...... #
...≈≈...... #
#.≈≈.......
#..........
#.yy......$
#..@..y...#
........y.#####
..........#
............
...#....≈....
.. #..........≈
. #..≈≈.>...≈≈
#...≈......≈


You could see 4 vampire mosquitoes.

Vanquished Creatures
  2 hydras
  A catoblepas (Lair:5)
  2 centaur warriors
  5 death yaks
  6 two-headed ogres
  A deep troll shaman (Lair:6)
  3 orc high priests (Orc:2)
  Sonja (D:11)
  2 unseen horrors
  Pikel (D:5)
  6 orc knights
  An oklob plant (Lair:6)
  4 orc sorcerers
  2 manticores
  13 elephants
  3 black mambas
  A torpor snail (Lair:3)
  11 spiny frogs
  4 komodo dragons
  A rime drake (Lair:6)
  A troll (Orc:1)
  3 merfolk
  2 meliai
  A polar bear (Lair:5)
  4 dream sheep
  9 blink frogs
  6 slime creatures
  11 hippogriffs
  2 wyverns
  Eustachio (D:5)
  A redback (Lair:2)
  30 yaks
  A human (D:7)
  6 hogs
  2 hungry ghosts
  2 basilisks
  3 wargs
  An acid dragon (D:11)
  12 water moccasins
  32 orc warriors
  11 porcupines
  A black bear (Lair:6)
  6 sky beasts
  A slave (D:5)
  A swamp drake (D:9)
  2 eyes of draining
  3 ice beasts
  9 ogres
  11 wolves
  8 centaurs
  12 crocodiles
  The ghost of ThereIsNoGod the Chiller, an amateur OpIE (D:3)
  24 bullfrogs
  A water moccasin zombie (D:6)
  2 scorpions
  11 killer bees
  8 wights
  2 quasits (D:7)
  20 orc priests
  5 jellies
  3 centaur skeletons
  2 hounds (D:4)
  28 orc wizards
  Jessica (D:2)
  2 iguanas
  Terence (D:1)
  7 worker ants
  A centaur simulacrum (D:9)
  A worker ant zombie (D:5)
  A howler monkey zombie (D:6)
  2 howler monkey skeletons
  5 gnolls
  11 adders
  2 river rats (Lair:6)
  A shadow imp (D:7)
  A white imp (D:6)
  3 oozes
  2 adder skeletons (D:5)
  An adder zombie (D:6)
  2 worms
  3 dart slugs
  6 leopard geckos
  90 orcs
  3 ball pythons (D:1)
  2 giant cockroaches (D:2)
  11 hobgoblins
  15 jackals
  10 kobolds
  7 quokkas
  10 bats
  2 frilled lizards
  6 goblins
  2 quokka zombies
  14 rats
  2 fungi
  A plant (Lair:6)
600 creatures vanquished.

Vanquished Creatures (collateral kills)
  Kirke (D:12)
  Josephine (Lair:4)
  5 hydras
  2 two-headed ogres
  2 death yaks
  3 oklob plants (Lair:2)
  2 black mambas (Lair:2)
  Joseph (D:10)
  A spiny frog (Lair:4)
  A jumping spider (Lair:2)
  2 merfolk (Lair:3)
  A hippogriff (D:12)
  3 wraiths (Lair:4)
  A yak (D:10)
  Menkaure (D:6)
  A warg (D:8)
  An orc warrior (D:10)
  An ogre (D:10)
  2 orc priests (D:10)
  2 orc wizards (D:10)
  3 orcs (D:10)
37 creatures vanquished.

Vanquished Creatures (others)
  A cyclops (Orc:2)
  A human (D:12)
  A slave (D:5)
  An iguana (D:5)
  3 orcs (D:5)
  A quokka zombie (D:5)
  A bush (Lair:3)
  17 fungi
  8 plants
34 creatures vanquished.

Grand Total: 671 creatures vanquished

Notes
Turn   | Place    | Note
-------+----------+-------------------------------------------
     0 | D:1      | Haldmier the Human Warper began the quest for the Orb.
     0 | D:1      | Reached XP level 1. HP: 16/16 MP: 3/3
    52 | D:1      | Reached XP level 2. HP: 17/22 MP: 5/5
   137 | D:1      | Learned a level 2 spell: Blink
   140 | D:1      | Learned a level 2 spell: Shroud of Golubria
   406 | D:1      | Reached skill level 3 in Long Blades
   470 | D:1      | Reached XP level 3. HP: 18/27 MP: 6/6
   708 | D:1      | Reached skill level 1 in Charms
   994 | D:2      | Noticed Terence
  1399 | D:2      | Noticed Jessica
  1932 | D:2      | Reached XP level 4. HP: 13/33 MP: 5/7
  3032 | D:3      | Reached skill level 4 in Long Blades
  3077 | D:3      | Reached XP level 5. HP: 33/38 MP: 8/8
  3357 | D:3      | Noticed ThereIsNoGod's ghost (amateur OpIE)
  3397 | D:3      | Killed ThereIsNoGod's ghost
  3397 | D:3      | Reached skill level 1 in Shields
  3397 | D:3      | Reached XP level 6. HP: 22/44 MP: 2/9
  3600 | D:3      | Found a glowing silver altar of Zin.
  3729 | D:3      | Found a sparkling altar of Nemelex Xobeh.
  3730 | D:3      | Found an opulent altar of Gozag.
  3743 | D:3      | Became a worshipper of Nemelex Xobeh the Trickster
  3795 | D:3      | Learned a level 3 spell: Gell's Gravitas
  3988 | D:3      | Received a gift from Nemelex Xobeh
  4372 | D:2      | Killed Jessica
  4406 | D:1      | Killed Terence
  4783 | D:4      | Reached skill level 5 in Long Blades
  4783 | D:4      | Reached XP level 7. HP: 47/50 MP: 10/10
  4837 | D:4      | Found a blossoming altar of Fedhas.
  5253 | D:5      | Entered Level 5 of the Dungeon
  5312 | D:5      | Received a gift from Nemelex Xobeh
  5441 | D:5      | Reached XP level 8. HP: 53/56 MP: 11/11
  5449 | D:5      | Found a staircase to the Ecumenical Temple.
  5457 | Temple   | Entered the Ecumenical Temple
  5457 | Temple   | Reached * piety under Nemelex Xobeh
  5950 | D:5      | Noticed Pikel
  5986 | D:5      | Killed Pikel
  5986 | D:5      | Reached skill level 7 in Long Blades
  6607 | D:6      | Found a burning altar of Makhleb.
  6607 | D:6      | Noticed a balrug
  6610 | D:6      | Noticed a hellwing
  6635 | D:6      | Noticed Eustachio
  6774 | D:5      | Reached XP level 9. HP: 50/61 MP: 12/12
  6867 | D:5      | Killed Eustachio
  6984 | D:6      | Found Pegy's Gadget Emporium.
  6991 | D:6      | Reached ** piety under Nemelex Xobeh
  7013 | D:6      | Reached skill level 8 in Long Blades
  7013 | D:6      | Reached skill level 1 in Invocations
  7135 | D:6      | Noticed Menkaure
  7139 | D:6      | Killed Menkaure
  7261 | D:6      | Noticed Grinder
  7284 | D:6      | Noticed Grinder
  7284 | D:6      | Grinder changed into Grinder the white imp
  7284 | D:6      | HP: 2/61 [Grinder the white imp/puff of frost (8)]
  7543 | D:6      | Killed Grinder the white imp
  7740 | D:6      | Received a gift from Nemelex Xobeh
  8533 | D:6      | Reached skill level 5 in Armour
  8643 | D:6      | Noticed dobroeutro's ghost (novice DsFi)
  8690 | D:7      | Received a gift from Nemelex Xobeh
  9319 | D:7      | Reached *** piety under Nemelex Xobeh
  9577 | D:7      | Reached skill level 9 in Long Blades
  9577 | D:7      | Reached skill level 5 in Translocations
  9653 | D:7      | Reached XP level 10. HP: 51/67 MP: 13/13
 10301 | D:8      | Found an opulent altar of Gozag.
 10347 | D:8      | Reached skill level 10 in Long Blades
 10422 | D:8      | Found a hazy altar of Hepliaklqana.
 10494 | D:8      | Reached skill level 5 in Invocations
 10499 | D:8      | Learned a level 3 spell: Teleport Other
 10920 | D:8      | Found a white marble altar of Elyvilon.
 10926 | D:8      | Noticed a two-headed ogre
 10978 | D:8      | Killed a two-headed ogre
 11240 | D:8      | Found a deep blue altar of Sif Muna.
 11241 | D:8      | Noticed a two-headed ogre
 11262 | D:8      | Killed a two-headed ogre
 11379 | D:8      | Found a glowing golden altar of the Shining One.
 11407 | D:8      | Received a gift from Nemelex Xobeh
 11435 | D:8      | Found a shattered altar of Ashenzari.
 11475 | D:8      | Noticed a moth of wrath
 11478 | D:8      | Found a bloodstained altar of Trog.
 11797 | D:9      | Found a sacrificial altar of Ru.
 11878 | D:9      | Reached skill level 11 in Long Blades
 11913 | D:9      | Reached XP level 11. HP: 46/72 MP: 15/15
 11958 | D:9      | Found a staircase to the Orcish Mines.
 12285 | D:9      | Noticed a centaur warrior
 12295 | D:10     | Entered Level 10 of the Dungeon
 12504 | D:10     | Found Oseceute's Book Boutique.
 13090 | D:8      | Killed a centaur warrior
 13510 | D:9      | Learned a level 4 spell: Passage of Golubria
 13518 | D:9      | Received a gift from Nemelex Xobeh
 13673 | D:9      | Found a staircase to the Lair.
 13794 | Lair:1   | Entered Level 1 of the Lair of Beasts
 13794 | Lair:1   | Reached **** piety under Nemelex Xobeh
 14002 | D:9      | Reached skill level 12 in Long Blades
 14453 | Lair:1   | Received a gift from Nemelex Xobeh
 14518 | Lair:1   | Noticed a five-headed hydra
 14800 | D:9      | Found a hide-covered altar of Uskayaw.
 14802 | D:9      | Noticed a dagger
 14802 | D:9      | Noticed a dagger
 14962 | D:10     | Found Koqa's Food Shoppe.
 15115 | D:10     | Found Ewuthro's Antique Armour Shoppe.
 15593 | D:10     | Received a gift from Nemelex Xobeh
 15604 | D:10     | Noticed a centaur warrior
 15631 | D:10     | Killed a centaur warrior
 16137 | D:10     | Reached XP level 12. HP: 53/78 MP: 17/17
 16327 | D:10     | Noticed a two-headed ogre
 16344 | D:10     | Killed a two-headed ogre
 16412 | D:10     | Noticed Joseph
 16424 | D:10     | Killed Joseph
 16508 | Lair:1   | Killed a three-headed hydra
 17326 | Lair:1   | Received a gift from Nemelex Xobeh
 17508 | Lair:1   | Noticed a five-headed hydra
 17521 | Lair:1   | Killed a four-headed hydra
 17960 | D:9      | Noticed a two-headed ogre
 17966 | D:9      | Killed a two-headed ogre
 17966 | D:9      | Reached skill level 13 in Long Blades
 18446 | Lair:2   | Found a hole to the Spider Nest.
 18459 | Lair:2   | Noticed a four-headed hydra
 18467 | Lair:2   | Killed a four-headed hydra
 18477 | Lair:2   | Noticed an eight-headed hydra
 18487 | Lair:2   | Killed an eight-headed hydra
 19148 | Lair:2   | Received a gift from Nemelex Xobeh
 19464 | Lair:2   | Reached ***** piety under Nemelex Xobeh
 19815 | Lair:2   | Received a gift from Nemelex Xobeh
 20337 | Lair:3   | Found a staircase to the Shoals.
 20654 | Lair:2   | Reached XP level 13. HP: 21/83 MP: 17/20
 20683 | Lair:1   | Learned a level 3 spell: Regeneration
 21586 | Lair:2   | Reached skill level 1 in Necromancy
 21795 | Lair:3   | Noticed a six-headed hydra
 21860 | Lair:2   | Reached skill level 14 in Long Blades
 23479 | Lair:3   | HP: 2/87 [death yak[a torpor snail] (13)]
 23840 | Lair:3   | Received a gift from Nemelex Xobeh
 23881 | Lair:3   | Reached skill level 10 in Invocations
 24689 | Lair:3   | Reached skill level 10 in Translocations
 25962 | Lair:4   | Received a gift from Nemelex Xobeh
 26027 | Lair:4   | Noticed Josephine
 26035 | Lair:4   | Killed Josephine
 26035 | Lair:4   | Reached skill level 5 in Charms
 26692 | Lair:5   | Received a gift from Nemelex Xobeh
 26711 | Lair:5   | Killed a six-headed hydra
 27546 | Lair:5   | Received a gift from Nemelex Xobeh
 27631 | Lair:5   | Reached XP level 14. HP: 82/96 MP: 15/21
 27780 | Lair:5   | Received a gift from Nemelex Xobeh
 27806 | Lair:5   | Found a runed door.
 27806 | Lair:5   | Found a viscous altar of Jiyva.
 27863 | Lair:5   | Found a staircase to the Slime Pits.
 27863 | Lair:5   | Noticed an azure jelly
 27863 | Lair:5   | Noticed an azure jelly
 27863 | Lair:5   | Noticed an azure jelly
 27865 | Lair:5   | Noticed an azure jelly
 27988 | Lair:6   | Entered Level 6 of the Lair of Beasts
 28791 | Lair:6   | Reached skill level 5 in Fighting
 28937 | Lair:6   | Received a gift from Nemelex Xobeh
 28966 | Lair:6   | Reached ****** piety under Nemelex Xobeh
 28981 | Lair:6   | Reached skill level 5 in Spellcasting
 29217 | Lair:6   | Received a gift from Nemelex Xobeh
 29316 | Lair:5   | Reached skill level 5 in Dodging
 29536 | Lair:6   | Reached skill level 5 in Necromancy
 31731 | Orc:1    | Entered Level 1 of the Orcish Mines
 31883 | Orc:1    | Received a gift from Nemelex Xobeh
 32044 | Orc:2    | Entered Level 2 of the Orcish Mines
 32161 | Orc:2    | Found a staircase to the Elven Halls.
 32313 | Orc:1    | Found Ciesa Cisk's Weapon Emporium.
 32443 | Orc:1    | Found a roughly hewn altar of Beogh.
 32516 | Orc:1    | Received a gift from Nemelex Xobeh
 32586 | Orc:1    | Noticed Erica
 33392 | Orc:2    | Paralysed by an orc sorcerer for 4 turns
 33400 | Orc:2    | Paralysed by an orc sorcerer for 2 turns
 33413 | Orc:2    | Reached XP level 15. HP: 82/107 MP: 18/22
 34162 | Orc:2    | Found Fifudd's Food Shoppe.
 34334 | Orc:2    | Found Orowoh's Jewellery Shoppe.
 34335 | Orc:2    | Found Coron's Armour Boutique.
 34335 | Orc:2    | Found Simumug's Assorted Antiques.
 34553 | D:10     | Bought a book of the Warp for 1170 gold pieces
 34849 | D:11     | Received a gift from Nemelex Xobeh
 35394 | D:11     | Noticed Sonja
 35405 | D:11     | Killed Sonja
 35966 | D:12     | Noticed Kirke
 35984 | D:12     | Killed Kirke
 36013 | D:12     | Found Suiceo's Book Shoppe.
 36266 | D:12     | Got a smoking marble ring
 36268 | D:12     | Identified the ring "Sicul" {rN+ Str+4 SInv} (You found it on level 12 of the Dungeon)
 36272 | D:12     | You fall through a shaft for 3 floors!
 36272 | D:15     | Entered Level 15 of the Dungeon
 36272 | D:15     | Received a gift from Nemelex Xobeh
 37317 | D:13     | HP: 3/110 [vampire mosquito (4)]
 37317 | D:13     | Slain by a vampire mosquito

Skill      XL: |  1  2  3  4  5  6  7  8  9 10 11 12 13 14 15 |
---------------+----------------------------------------------+-----
Long Blades    | 3 4 5 7 9 11 12 13 14 | 14.0
Charms         | 1 2 3 5 6 |  6.0
Shields        | 1 2 3 4 |  4.0
Translocations | 4 5 6 8 9 10 11 | 11.9
Armour         | 2 4 5 7 |  7.0
Invocations    | 3 6 7 9 10 | 10.0
Spellcasting   | 3 4 5 |  5.0
Necromancy     | 4 6 7 |  7.7
Fighting       | 4 6 7 |  7.6
Dodging        | 4 6 8 |  8.0
Throwing       | |  1.0

Action                   |  1- 3 |  4- 6 |  7- 9 | 10-12 | 13-15 || total
-------------------------+-------+-------+-------+-------+-------++-------
Melee: Falchion          |   133 |       |       |       |       ||   133
       Dagger            |    30 |   197 |   405 |   874 |   450 ||  1956
       Long sword        |       |       |    48 |   190 |  1264 ||  1502
       Unarmed           |       |       |     9 |       |       ||     9
       War axe           |       |       |       |     7 |     8 ||    15
       Scimitar          |       |       |       |       |   440 ||   440
 Fire: Blowgun           |       |       |       |     3 |       ||     3
Throw: Stone             |    11 |     9 |       |       |       ||    20
       Tomahawk          |       |     5 |     5 |    19 |    16 ||    45
 Cast: Shroud of Golubri |     8 |     9 |     1 |    34 |   147 ||   199
       Blink             |     5 |     4 |     1 |       |    18 ||    28
       Regeneration      |       |       |       |       |   157 ||   157
       Gell's Gravitas   |       |       |       |       |     5 ||     5
       Passage of Golubr |       |       |       |       |     3 ||     3
Evoke: Deck              |       |       |     3 |    28 |    23 ||    54
       Wand              |       |       |     1 |       |     7 ||     8
  Use: Scroll            |       |     4 |     9 |    14 |    16 ||    43
       Potion            |       |       |     1 |     1 |     1 ||     3
 Stab: Paralysed         |       |       |       |     1 |     8 ||     9
       Distracted        |       |       |       |     2 |     1 ||     3
       Petrifying        |       |       |       |     1 |     1 ||     2
  Eat: Chunk             |     5 |    10 |    16 |    35 |    66 ||   132
       Royal jelly       |       |       |       |     3 |     8 ||    11
       Bread ration      |       |       |       |       |     1 ||     1
Armor: Leather armour    |    43 |    45 |       |       |       ||    88
       Scale mail        |       |     6 |   179 |   301 |   519 ||  1005
       Skin              |       |       |     4 |       |       ||     4
       Chain mail        |       |       |       |       |     5 ||     5
Dodge: Dodged            |   101 |    84 |   211 |   271 |   627 ||  1294
       Deflected         |       |       |       |     6 |    11 ||    17
Block: Buckler           |       |    21 |   130 |   302 |   679 ||  1132
       Reflection        |       |       |     2 |     8 |    11 ||    21
       Rpst.: Falchion   |    32 |       |       |       |       ||    32
       Long sword        |       |       |     6 |    14 |    93 ||   113
       Scimitar          |       |       |       |       |    47 ||    47
